AoeStats
← Gurk Han

Arena

508937687Analyzed
2v2 RM · 7d ago on Sep 24, 2026· 70m 8s· 4 players
Game mode
Random Map
Map size
Medium (4 player)
Population
200
Speed
Normal
Resources
Standard
Victory
Conquest
Starting age
Dark Age
Ending age
Imperial Age
RankedLock teamsTeams togetherTeam positionsShared explorationLock speedFull tech treeHidden civsTurbo modeCheats
Victory
Defeat
🇹🇷 Franks · Türkiye
896
+18
🇹🇷 Spanish · Türkiye
894
+18
🇨🇭 Cumans · Switzerland
929
-18
🇨🇭 Bulgarians · Switzerland
929
-18
THE BRONZE BOMBER
11:12 Feudal Age
15:45 Castle Age
14:43 Scale Barding Armor
14:45 Loom
22:06 Scale Mail Armor
22:27 Double-Bit Axe
28:47 Imperial Age
27:10 Bow Saw
27:17 Gold Mining
31:40 Chemistry
31:09 Conscription
31:28 Gold Shaft Mining
32:17 Stone Mining
33:38 Elite Throwing Axeman
35:14 Wheelbarrow
35:04 Chain Mail Armor
34:59 Forging
37:13 Iron Casting
37:08 Plate Mail Armor
38:59 Blast Furnace
38:20 Chain Barding Armor
37:51 Fletching
38:00 Murder Holes
38:27 Ballistics
38:14 Siege Engineers
38:20 Masonry
38:58 Hand Cart
41:32 Hoardings
Gurk Han
8:29 Loom
10:59 Feudal Age
15:21 Castle Age
30:35 Double-Bit Axe
36:14 Horse Collar
37:42 Murder Holes
39:12 Pikeman
45:16 Imperial Age
44:14 Wheelbarrow
43:27 Town Watch
44:53 Gold Mining
45:21 Forging
45:02 Fletching
45:18 Scale Barding Armor
48:05 Chemistry
47:16 Fortified Wall
47:17 Masonry
46:43 Cavalier
47:36 Bloodlines
47:27 Husbandry
54:53 Paladin
57:28 Ballistics
65:56 Town Patrol
66:13 Hand Cart
Innocent Civil
8:38 Loom
10:23 Feudal Age
12:29 Double-Bit Axe
12:36 Gold Mining
15:55 Wheelbarrow
24:15 Castle Age
26:12 Bow Saw
30:47 Elite Skirmisher
31:20 Fletching
31:30 Padded Archer Armor
34:56 Bloodlines
37:27 Hand Cart
40:25 Imperial Age
38:44 Steppe Husbandry
39:44 Forging
39:40 Scale Barding Armor
39:31 Bodkin Arrow
39:27 Capped Ram
41:44 Chain Barding Armor
42:54 Siege Ram
44:31 Plate Barding Armor
44:42 Cuman Mercenaries
44:03 Elite Kipchak
46:16 Town Watch
47:09 Cavalier
49:44 Conscription
50:40 Paladin
53:29 Ballistics
54:09 Chemistry
53:00 Heated Shot
67:34 Caravan
69:55 Leather Archer Armor
fyfy
10:08 Feudal Age
9:16 Loom
11:27 Double-Bit Axe
13:21 Horse Collar
21:34 Castle Age
20:11 Forging
20:01 Scale Mail Armor
21:12 Scale Mail Armor
23:10 Fletching
24:06 Wheelbarrow
23:45 Bow Saw
24:29 Heavy Plow
26:19 Bodkin Arrow
31:48 Imperial Age
28:44 Elite Skirmisher
29:49 Padded Archer Armor
31:33 Ballistics
31:28 Gold Mining
31:28 Stone Mining
31:55 Stone Mining
32:44 Gold Shaft Mining
32:43 Thumb Ring
33:18 Stone Shaft Mining
33:09 Bracer
33:25 Leather Archer Armor
34:04 Iron Casting
34:40 Hand Cart
34:12 Town Watch
36:13 Chemistry
35:19 Siege Engineers
35:11 Murder Holes
37:32 Chain Mail Armor
38:18 Blast Furnace
37:24 Scale Barding Armor
39:13 Conscription
38:36 Elite Konnik
40:02 Crop Rotation
39:51 Bloodlines
39:42 Husbandry
39:05 Light Cavalry
39:45 Gambesons
40:01 Squires
39:47 Arson
39:52 Hussar
41:08 Plate Mail Armor
40:58 Chain Barding Armor
40:46 Stirrups
41:54 Masonry
41:50 Pikeman
43:36 Halberdier
Connection lost

Rejoining the realm…

Still unreachable

The connection could not be restored.

Session expired

The server has moved on; the page needs a fresh start.